 Dungeon Crawl Stone Soup version 0.28-a0-991-g956f0ee3d5 (webtiles) character file.

Game seed: 6483673872604865991

253 sokol815 the Chopper (level 6, -7/42 HPs)
             Began as an Octopode Fighter on Dec 4, 2021.
             Asphyxiated
             ... on level 4 of the Dungeon.
             The game lasted 00:07:28 (3565 turns).

sokol815 the Chopper (Octopode Fighter)             Turns: 3565, Time: 00:07:29

Health: -7/42      AC:  1    Str: 15    XL:     6   Next: 14%
Magic:  8/8        EV: 13    Int: 13    God:
Gold:   107        SH:  4    Dex: 11    Spells: 5/8 levels left

rFire   . . .      SeeInvis .   a - +0 war axe
rCold   + . .      Faith    .   f - +0 buckler
rNeg    . . .      Spirit   .   c - +0 hat
rPois   .          Reflect  .   (no amulet)
rElec   .          Harm     .   C - ring of protection from cold {rC+, !d}
rCorr   .          Rampage  .   (no ring)
Will    .....                   (no ring)
Stlth   +++.......              (no ring)
HPRegen 0.14/turn               (no ring)
MPRegen 0.11/turn               (no ring)
                                (no ring)
                                (no ring)

@: lethally poisoned (-7 -> -27)
A: almost no armour, amphibious, 8 rings, camouflage 1, gelatinous body 1,
(nimble swimmer 1), tentacles
a: no special abilities


You were on level 4 of the Dungeon.
You visited 1 branch of the dungeon, and saw 4 of its levels.

You collected 107 gold pieces.

Inventory:

Hand Weapons
 a - a +0 war axe (weapon)
 b - a +0 hunting sling
   (You took it off a goblin on level 3 of the Dungeon)
Missiles
 g - a throwing net {!d}
 i - 38 poisoned darts
 s - 57 stones (quivered)
Armour
 c - a +0 hat (worn)
   (You found it on level 1 of the Dungeon)
 f - a +0 buckler (worn)
Magical Staves
 d - a staff of earth
   (You found it on level 2 of the Dungeon)
Jewellery
 C - a ring of protection from cold (left tentacle) {rC+, !d}
   (You found it on level 1 of the Dungeon)
Scrolls
 h - a scroll of fog {unknown}
 k - a scroll of vulnerability {unknown}
 l - a scroll of noise {unknown}
 E - a scroll of fear
 Y - a scroll of teleportation {@r3}
Potions
 e - a potion of degeneration {unknown}
 j - a potion of brilliance {unknown}
 m - a potion of heal wounds {unknown}
 I - a potion of invisibility
 J - 2 potions of curing {@q1}
 M - a potion of might


   Skills:
 - Level 3.0 Fighting
 * Level 4.6 Axes
 - Level 3.0 Dodging
 + Level 3.8 Stealth
 - Level 3.0 Shields
 + Level 1.7 Spellcasting
 + Level 1.0 Conjurations
 + Level 1.0 Fire Magic


You had 5 spell levels left.
You knew the following spells:

 Your Spells              Type           Power      Damage    Failure   Level
c - Conjure Flame         Conj/Fire      3%         6-21      50%         3

Your spell library contained the following spells:

 Spells                   Type           Power      Damage    Failure   Level
 Sublimation of Blood     Necr           1%         N/A       41%         2
 Wereblood                Tmut           1%         N/A       41%         2
 Dazzling Flash           Conj/Hex       4%         N/A       56%         3
 Ignite Poison            Fire/Tmut/Pois 2%         N/A       58%         3
 Sticky Flame             Conj/Fire      3%         2d3       88%         4
 Iskenderun's Mystic Bla  Conj/Tloc      2%         2d3       93%         4
 Starburst                Conj/Fire      1%         6d3       100%        6
 Summon Hydra             Summ           0%         N/A       100%        7


Dungeon Overview and Level Annotations

Branches:
Dungeon (4/15)
 Temple: D:4-7

Altars:
Zin


Innate Abilities, Weirdness & Mutations

You cannot wear most types of armour.
You are amphibious.
You can wear up to eight rings at the same time.
Your skin changes colour to match your surroundings (Stealth+).
Your rubbery body absorbs attacks. (AC +1, EV +1)
((You are camouflaged near water. (Stealth+)))
You have tentacles for arms and can constrict up to eight enemies at once.


Message History

There is an open door here.
m - a red potion
b - a +0 hunting sling (weapon)
Found a stone staircase leading up.
A gnoll and a dart slug come into view.
The gnoll hits something with a +0 halberd.
A gnoll comes into view. It is wielding a +0 flail.
The dart slug moves out of view.
There is a stone staircase leading up here.
An adder comes into view.
A gnoll comes into view. It is wielding a +0 whip.
The adder moves out of view.
You shoot a stone. The stone closely misses the gnoll.
The gnoll shouts!
You shoot a stone. The stone barely misses the gnoll.
The gnoll shouts!
You hear an angry hiss.
The gnoll throws a throwing net.
The throwing net hits you.
You become entangled in the net!
You see here a throwing net {!d}.
a - a +0 war axe (weapon)
You tear a large gash into the net.
The gnoll closely misses you.
You struggle against the net.
The gnoll hits you with a +0 whip.
A gnoll shaman comes into view. It is wielding a +0 club.
You take 4 damage, and have 32/36 hp.
You rip the net and break free!
The gnoll hits you with a +0 whip.
You take 5 damage, and have 27/36 hp.
The gnoll shaman shouts!
You slash the gnoll! You grab the gnoll. You constrict the gnoll.
The gnoll completely misses you.
You slash the gnoll!
You kill the gnoll!
You closely miss the gnoll. Your grab misses the gnoll.
Your squeeze misses the gnoll. The gnoll completely misses you.
The gnoll shaman calls upon its god to speed up the gnoll.
The gnoll seems to speed up.
You hear an angry hiss.
You closely miss the gnoll. You grab the gnoll. You squeeze the gnoll.
You constrict the gnoll, but do no damage.
The gnoll misses you. The gnoll closely misses you.
You slash the gnoll! You squeeze the gnoll.
You kill the gnoll!
You barely miss the gnoll shaman. You grab the gnoll shaman.
You constrict the gnoll shaman.
The gnoll shaman calls down the wrath of its god upon you.
You resist with some effort.
You slash the gnoll shaman! You constrict the gnoll shaman.
The gnoll shaman prays to its god.
The gnoll shaman is healed somewhat.
You hit the gnoll shaman but do no damage.
You squeeze the gnoll shaman! You constrict the gnoll shaman.
You kill the gnoll shaman!
The adder barely misses you.
You have reached level 6!
You regained 5 hp, and now have 34/42 hp.
MP restored: 8 You hit the adder.
Your grab misses the adder. The adder misses you.
You barely miss the adder. You grab the adder. You constrict the adder.
The adder barely misses you. The adder closely misses you.
Unknown command.
You slash the adder!
You kill the adder!
Your Fire Magic skill increases to level 1!
Things that are here:
a +0 club; a +0 leather armour 2 gnolls come into view.
A gnoll is wielding a +0 halberd and quivering curare-tipped darts.
The gnoll moves out of view.
The gnoll shouts!
You slash the gnoll! Your grab misses the gnoll. Your squeeze misses the gnoll.
You hear a shout!
You block the gnoll's attack.
You slash the gnoll!
You kill the gnoll!
Your Conjurations skill increases to level 1!
Things that are here:
a +0 club; a +0 leather armour A dart slug comes into view.
The gnoll closely misses you. The gnoll barely misses you.
The gnoll misses you.
You completely miss the gnoll. You grab the gnoll. You constrict the gnoll.
You block the gnoll's attack. The gnoll misses you.
You hit the gnoll but do no damage.
You constrict the gnoll, but do no damage.
The gnoll completely misses you. The gnoll closely misses you.
The gnoll hits you from afar with a +0 halberd!
The gnoll hits you with a +0 halberd!
* * * LOW HITPOINT WARNING * * *
You take 27 damage, and have 10/42 hp.
MASSIVE DAMAGE!!
You slash the gnoll! You squeeze the gnoll.
You kill the gnoll!
The gnoll hits you from afar with a +0 halberd!
* * * LOW HITPOINT WARNING * * *
You take 9 damage, and have 1/42 hp.
MASSIVE DAMAGE!!
The gnoll throws a curare-tipped dart.
The curare-tipped dart hits you.
You are lethally poisoned!
You have difficulty breathing.
You die...

#.# #.# #.#
#.#####.#######.#
#.##..........#.## ##
#.##.##.#####....## .#
#.##.##.#..)gg....# .#
#.##.##.#g###)..........
.# #.......#)#
#.....####.# .#
####<####.# #.....# .#
#.# #@# ###S#.# .## #.#
#.# #g#.# ..# ##.# #.#
..... #.# #..## #..
...(## ..# #.#.#####P
.#########....####P.
.................+ wP
....######....###...P.g
.##.# #.#.##


P.PPP You could see a gnoll.

Vanquished Creatures
  A gnoll shaman (D:4)
  Natasha (thrice) (D:3)
  4 gnolls (D:4)
  3 adders
  An ufetubus (D:4)
  An adder skeleton (D:3)
  3 dart slugs
  2 worms (D:3)
  An orc (D:3)
  6 ball pythons
  5 endoplasms
  3 giant cockroaches
  4 goblins
  5 hobgoblins
  4 jackals (D:1)
  6 kobolds
  3 quokkas (D:3)
  2 bats
  5 frilled lizards
  5 rats
67 creatures vanquished.

Vanquished Creatures (others)
  7 bushes (D:4)
7 creatures vanquished.

Grand Total: 74 creatures vanquished

Notes
Turn   | Place    | Note
-------+----------+-------------------------------------------
     0 | D:1      | sokol815 the Octopode Fighter began the quest for the Orb.
     0 | D:1      | Reached XP level 1. HP: 16/16 MP: 1/1
   303 | D:1      | Reached skill level 1 in Stealth
   303 | D:1      | Reached XP level 2. HP: 20/21 MP: 2/2
  1107 | D:2      | Reached skill level 3 in Axes
  1159 | D:2      | Reached XP level 3. HP: 26/26 MP: 3/3
  1186 | D:2      | Reached skill level 2 in Stealth
  1203 | D:2      | Found a glowing silver altar of Zin.
  2094 | D:3      | Noticed Natasha
  2102 | D:3      | HP: 4/26 [Natasha/magic dart (7)]
  2103 | D:3      | Killed Natasha
  2104 | D:3      | Reached XP level 4. HP: 5/31 MP: 3/5
  2388 | D:3      | Found a faded altar of an unknown god.
  2415 | D:3      | Noticed Natasha
  2428 | D:3      | Killed Natasha
  2429 | D:3      | Reached skill level 3 in Stealth
  2429 | D:3      | Reached skill level 1 in Spellcasting
  2539 | D:3      | Reached skill level 4 in Axes
  2539 | D:3      | Reached XP level 5. HP: 35/36 MP: 6/6
  2848 | D:3      | Learned a level 3 spell: Conjure Flame
  3113 | D:3      | Noticed Natasha
  3126 | D:3      | Killed Natasha
  3548 | D:4      | Reached XP level 6. HP: 34/42 MP: 8/8
  3551 | D:4      | Reached skill level 1 in Fire Magic
  3555 | D:4      | Reached skill level 1 in Conjurations
  3563 | D:4      | HP: 10/42 [gnoll (11)]
  3564 | D:4      | HP: 1/42 [gnoll (9)]
  3565 | D:4      | Asphyxiated

Illustrated notes

Levels and vault maps discovered:
D:1:      scummos_arrival_simple_fountains, layout_basic,
          chequers_serial_rivers_room_b, chequers_decorated_corner
D:2:      layout_loops_ring, basic_altar, columned_hall_lemuel,
          serial_bayou_crossing
D:3:      layout_rooms, hellmonk_ecumenical_altar_zigzags, uniq_natasha
D:4:      layout_loops_corners, minmay_hedge_maze

Skill      XL: |  1  2  3  4  5  6 |
---------------+-------------------+-----
Stealth        | 1 2 3 |  3.8
Axes           | 3 4 |  4.6
Spellcasting   | 1 |  1.7
Fire Magic     | 1 |  1.0
Conjurations   | 1 |  1.0
Fighting       | |  3.0
Dodging        | |  3.0
Shields        | |  3.0

Action                   |  1- 3 |  4- 6 || total
-------------------------+-------+-------++-------
Melee: War axe           |    55 |    56 ||   111
       Constrict         |    16 |    17 ||    33
       Tentacles         |    10 |    12 ||    22
 Fire: Hunting sling     |       |    15 ||    15
Throw: Stone             |    78 |    65 ||   143
  Use: Scroll            |     2 |     2 ||     4
 Stab: Sleeping          |     1 |       ||     1
Armor: Skin              |     1 |     2 ||     3
Dodge: Dodged            |    27 |    39 ||    66
Block: Buckler           |     8 |    10 ||    18

Table legend: (Time is in decaauts)
 A = Elapsed time spent in this place.
 B = Non-inter-level travel time spent in this place.
 C = Inter-level travel time spent in this place.
 D = Time resting spent in this place.
 E = Time spent auto-exploring this place.
 F = Levels seen in this place.
 G = Mean time per level.
                   A        B        C        D        E       F      G
               +--------+--------+--------+--------+--------+-----+--------+
         Total |   3621 |   3530 |     91 |    571 |   2428 |   4 |  905.2 |
       Dungeon |   3621 |   3530 |     91 |    571 |   2428 |   4 |  905.2 |
               +--------+--------+--------+--------+--------+-----+--------+

Top non-repeatable levels by time:
     D:3: 1289 daAuts
     D:1: 1119 daAuts
     D:2: 932 daAuts
     D:4: 279 daAuts

Table legend:
 A = Kills in this place as a percentage of kills in entire the game.
 B = Kills by you in this place as a percentage of kills by you in the entire game.
 C = Kills by friends in this place as a percentage of kills by friends in the entire game.
 D = Other kills in this place as a percentage of other kills in the entire game.
 E = Experience gained in this place as a percentage of experience gained in the entire game.
 F = Experience gained in this place divided by the number of levels of this place that you have seen.
                   A       B       C       D       E      F
               +-------+-------+-------+-------+-------+----------------------
         Total | 100.0 | 100.0 |   N/A |   N/A | 100.0 |  90.5
       Dungeon | 100.0 | 100.0 |   N/A |   N/A | 100.0 |  90.5
               +-------+-------+-------+-------+-------+----------------------
